 Dungeon Crawl Stone Soup version 0.28.0-43-g3370ac3207 (webtiles) character file.

Game seed: 9959042406649895587

607 styxcanada the Covert (level 7, -8/35 HPs)
             Began as a Spriggan Brigand on Mar 9, 2022.
             Mangled by an ogre
             ... wielding a +0 giant club
              (20 damage)
             ... on level 5 of the Dungeon.
             The game lasted 00:15:39 (4906 turns).

styxcanada the Covert (Spriggan Brigand)            Turns: 4906, Time: 00:15:40

Health: -8/35      AC:  4    Str: 13    XL:     7   Next: 19%
Magic:  11/11      EV: 19    Int: 13    God:
Gold:   110        SH:  0    Dex: 18    Spells: 6/11 levels left

rFire   . . .      SeeInvis +   q - +0 short sword (venom)
rCold   . . .      Faith    .   (no shield)
rNeg    . . .      Spirit   .   b - +0 robe
rPois   .          Reflect  .   (helmet restricted)
rElec   .          Harm     .   c - +1 cloak
rCorr   .          Rampage  .   (gloves unavailable)
Will    +....                   (boots unavailable)
Stlth   ++++......              p - amulet of magic regeneration
HPRegen 0.11/turn               i - +6 ring of strength
MPRegen 0.52/turn               (no ring)

@: very quick
A: very small, no large weapons, unfitting armour, see invisible, speed 3
a: no special abilities


You were on level 5 of the Dungeon.
You visited 1 branch of the dungeon, and saw 5 of its levels.

You collected 110 gold pieces.

Inventory:

Hand Weapons
 a - a +2 dagger
 q - a +0 short sword of venom (weapon)
 u - a +2 short sword of holy wrath
 w - a +0 vorpal hunting sling
Missiles
 d - 5 poisoned darts (quivered)
 e - a curare-tipped dart
 j - 44 sling bullets
 t - 163 stones
Armour
 b - a +0 robe (worn)
 c - a +1 cloak (worn)
Jewellery
 i - a +6 ring of strength (left hand)
 p - an amulet of magic regeneration (around neck)
 r - a ring of ice
Wands
 v - a wand of polymorph (10)
Scrolls
 l - a scroll of immolation
 n - 2 scrolls of vulnerability
 x - a scroll of teleportation
 y - a scroll of fear
Potions
 f - a potion of ambrosia {unknown}
 g - 2 potions of lignification
 h - a potion of cancellation
 k - a potion of attraction {unknown}
 m - a potion of curing {unknown}
 o - a potion of resistance {unknown}
 s - a potion of brilliance {unknown}


   Skills:
 * Level 2.5 Fighting
 + Level 3.6 Short Blades
 + Level 2.5 Throwing
 * Level 4.2 Dodging
 * Level 8.1 Stealth
 * Level 2.6 Spellcasting
 * Level 1.3 Conjurations
 * Level 2.3 Hexes
 * Level 1.4 Ice Magic


You had 6 spell levels left.
You knew the following spells:

 Your Spells              Type           Power      Damage    Failure   Level
a - Ensorcelled Hibernat  Hex/Ice        12%        N/A       17%         2
b - Dazzling Flash        Conj/Hex       12%        N/A       34%         3

Your spell library contained the following spells:

 Spells                   Type           Power      Damage    Failure   Level
 Mephitic Cloud           Conj/Pois/Air  2%         N/A       52%         3
 Call Canine Familiar     Summ           1%         N/A       58%         3
 Ignite Poison            Fire/Tmut/Pois 1%         N/A       58%         3
 Iskenderun's Mystic Bla  Conj/Tloc      3%         2d3       88%         4
 Freezing Cloud           Conj/Ice/Air   2%         6-21      99%         5
 Starburst                Conj/Fire      1%         6d3       100%        6
 Ozocubu's Refrigeration  Ice            2%         4d5       100%        7
 Summon Horrible Things   Summ           0%         N/A       100%        8


Dungeon Overview and Level Annotations

Branches:
Dungeon (5/15)
 Temple: D:4-7

Altars:


Innate Abilities, Weirdness & Mutations

You are very small and have problems with some larger weapons.
You are too small for most types of armour.
You have supernaturally acute eyesight. (SInv)
You cover ground extremely quickly. (Speed+++)


Message History

An ogre is nearby!
You barely miss the ogre. The ogre barely misses you.
An orc comes into view. It is wielding a +0 club.
You hit the orc.
The orc is heavily wounded.
The orc misses you. The ogre hits you with a +0 giant club!
Your +2 short sword of holy wrath stops glowing.
Your +0 short sword of venom begins to drip with poison!
q - a +0 short sword of venom (weapon)
Throw: 7 darts (poison)
Press: ? - help, Q - select action, (/) - cycle Shift-Dir - straight line, f - ogre
Aim: an ogre, wielding a +0 giant club (77% to hit)
You throw a poisoned dart.
The poisoned dart barely misses the ogre.
The poisoned dart hits the orc.
The orc is poisoned.
The orc is heavily wounded.
Throw: 6 darts (poison)
Press: ? - help, Q - select action, (/) - cycle Shift-Dir - straight line, f/p - ogre
Aim: an ogre, wielding a +0 giant club (77% to hit)
You throw a poisoned dart. The poisoned dart hits the ogre.
You kill the orc!
You open the door.
A scorpion, an ice beast and a hound come into view.
The ogre completely misses you.
Found 13 gold pieces.
There is an open door here.
The helpless ice beast fails to defend itself.
You impale the ice beast!!
You kill the ice beast!
Your Stealth skill increases to level 8!
You hit the scorpion.
The scorpion is lightly wounded.
The scorpion stings you!
You open the door.
An adder comes into view.
The ogre hits you with a +0 giant club!!
Ouch! That really hurt!
You die...

### ..# #.... ##.#
... # ..## ..S #. ...
... #.###.###.# #.#
........#.# #.# #(.<#
##'## # #.### ##.@.##
#.###)# ##.Os..##
.###....# ##.......##
........###.........#
###.......'.........+
#......####.........#
#.##..# ##...h.$.## #
#.. ##.....## #..
##...##


You could see an ogre, a scorpion, a hound (asleep) and an adder (wandering).

Vanquished Creatures
  An ice beast (D:5)
  An ogre (D:4)
  2 water moccasin zombies (D:4)
  2 centaur zombies (D:4)
  A bullfrog zombie (D:4)
  A bullfrog skeleton (D:4)
  A scorpion zombie (D:4)
  A hound zombie (D:4)
  Robin (D:3)
  5 adders
  6 adder zombies (D:4)
  2 adder skeletons (D:4)
  3 worms
  9 orcs
  3 endoplasms
  A giant cockroach (D:4)
  11 goblins
  8 hobgoblins
  2 jackals (D:2)
  A quokka (D:1)
  4 ball pythons
  4 frilled lizards
  5 kobolds
  A quokka skeleton (D:4)
  A quokka zombie (D:4)
  6 rats
83 creatures vanquished.

Vanquished Creatures (others)
  2 withered plants (D:4)
2 creatures vanquished.

Grand Total: 85 creatures vanquished

Notes
Turn   | Place    | Note
-------+----------+-------------------------------------------
     0 | D:1      | styxcanada the Spriggan Brigand began the quest for the
                  | Orb.
     0 | D:1      | Reached XP level 1. HP: 10/10 MP: 2/2
   260 | D:1      | Got Hiukhlole's Incunabulum of Freezing Companions
   321 | D:1      | Reached skill level 6 in Stealth
   743 | D:1      | You fall into a shaft and drop 1 floor!
   830 | D:2      | Found a faded altar of an unknown god.
   855 | D:2      | Reached XP level 2. HP: 15/15 MP: 3/3
  1705 | D:2      | Learned a level 2 spell: Ensorcelled Hibernation
  1754 | D:2      | Reached XP level 3. HP: 16/18 MP: 5/5
  2323 | D:3      | Reached skill level 1 in Spellcasting
  2462 | D:3      | Noticed Robin
  2564 | D:3      | Reached skill level 7 in Stealth
  2564 | D:3      | Reached XP level 4. HP: 10/23 MP: 6/6
  2761 | D:3      | Killed Robin
  3110 | D:3      | Learned a level 3 spell: Dazzling Flash
  3584 | D:4      | Reached skill level 1 in Hexes
  3706 | D:4      | Noticed an ogre
  3710 | D:4      | Killed an ogre
  3711 | D:4      | Reached XP level 5. HP: 23/26 MP: 8/8
  3792 | D:4      | Reached skill level 1 in Ice Magic
  3932 | D:4      | Reached XP level 6. HP: 24/30 MP: 9/9
  4424 | D:4      | Reached skill level 1 in Conjurations
  4496 | D:4      | Reached XP level 7. HP: 13/35 MP: 11/11
  4882 | D:5      | Entered Level 5 of the Dungeon
  4900 | D:5      | Reached skill level 8 in Stealth
  4906 | D:5      | Mangled by an ogre

Illustrated notes

Levels and vault maps discovered:
D:1:      dpeg_arrival_another_circle, layout_basic, serial_park_tiny_pond
D:2:      layout_loops_cross, nicolae_ecumenical_lake_church
D:3:      layout_rooms, amethyst_killhole, uniq_robin
D:4:      layout_loops_corners, serial_undead, serial_undead_d, serial_undead_b,
          serial_undead_c, serial_undead_d, serial_undead_b, serial_undead_b,
          serial_undead_a
D:5:      layout_loops_corners, hangedman_minor_gate_pass

Skill      XL: |  1  2  3  4  5  6  7 |
---------------+----------------------+-----
Stealth        | 6 7 8 |  8.1
Dodging        | 2 3 4 |  4.2
Spellcasting   | 1 2 |  2.6
Fighting       | 2 |  2.5
Hexes          | 1 2 |  2.3
Short Blades   | 3 |  3.6
Ice Magic      | 1 |  1.4
Conjurations   | 1 |  1.3
Throwing       | |  2.5

Action                   |  1- 3 |  4- 6 |  7- 9 || total
-------------------------+-------+-------+-------++-------
Melee: Dagger            |    26 |       |       ||    26
       Short sword       |    66 |   156 |     4 ||   226
       Punch             |     1 |     3 |       ||     4
Throw: Dart              |    31 |     5 |     2 ||    38
  Use: Scroll            |     2 |     7 |     2 ||    11
 Stab: Sleeping          |    13 |     7 |     1 ||    21
Armor: Robe              |    11 |    38 |       ||    49
Dodge: Dodged            |    69 |   155 |     3 ||   227
